[Event "HUN-ch Rapid 2019"]
[Site "Ajka"]
[Date "2019.07.19"]
[Round "2.14"]
[White "Szitas, Gabor"]
[Black "Mihok, Oliver"]
[Result "0-1"]
[ECO "B40"]
[WhiteElo "2122"]
[BlackElo "2550"]
[Annotator "ChessBase"]
[PlyCount "110"]
[EventDate "2019.07.18"]
[EventType "swiss"]
[EventCountry "HUN"]
[SourceTitle "playchess.com"]
[Source "ChessBase"]
[SourceQuality "1"]
[TimeControl "1200+5"]

1. e4 c5 2. Nf3 e6 3. Nc3 Nc6 4. Bb5 Nd4 5. O-O a6 6. Be2 Ne7 7. d3 Nec6 8. h3 Be7 9. Re1 Nxe2+ 10. Nxe2 b5 11. Ng3 O-O 12. Bd2 Bb7 13. Nh2 f5 14. exf5 exf5 15. c3 Bd6 16. Nf3 Qc7 17. Ne2 Rae8 18. d4 c4 19. a4 Na5 20. Nc1 Bd5 21. axb5 axb5 22. Ne5 Nc6 23. f4 Be7 24. Be3 d6 25. Nf3 Bf6 26. Bf2 Ra8 27. Rxa8 Rxa8 28. Ne2 Qb7 29. Ng3 g6 30. h4 Ne7 31. h5 Bxf3 32. gxf3 Nd5 33. Re6 Qd7 34. Qe1 Kf7 35. hxg6+ hxg6 36. Re3 Nxe3 37. Qxe3 Qe6 38. Qd2 Qd5 39. Kg2 Ra2 40. Qc1 Qa8 41. Qh1 Kg7 42. Qb1 d5 43. Qc1 Kf7 44. Qh1 Bg7 45. Qb1 Ra1 46. Qc2 Qa4 47. Qe2 Qd1 48. Qe3 Qd3 49. Qxd3 cxd3 50. Be3 Rb1 51. Bd2 Rxb2 52. Nf1 b4 53. Kg3 Rxd2 54. Nxd2 bxc3 55. Nb1 Bxd4 0-1

[Event "HUN-ch Rapid 2019"]
[Site "Ajka"]
[Date "2019.07.19"]
[Round "2.15"]
[White "Horvath, Peter"]
[Black "Szinavel, Zsolt"]
[Result "1-0"]
[ECO "D96"]
[WhiteElo "2418"]
[BlackElo "2130"]
[Annotator "NA"]
[PlyCount "73"]
[EventDate "2019.07.18"]
[EventType "swiss"]
[EventCountry "HUN"]
[SourceTitle "playchess.com"]
[Source "ChessBase"]
[SourceQuality "1"]
[TimeControl "1200+5"]

1. d4 c6 2. Nf3 d5 3. c4 Nf6 4. Nc3 g6 5. Bf4 Bg7 6. e3 O-O 7. h3 Nbd7 8. Be2 dxc4 9. Bxc4 Nb6 10. Bb3 Nbd5 11. Be5 Qa5 12. Rc1 Ne4 13. O-O Nexc3 14. bxc3 Be6 15. e4 Nc7 16. Bxc7 Qxc7 17. Bxe6 fxe6 18. Qb3 Qd7 19. Ng5 Bh6 20. Nxe6 Rf7 21. Rce1 b6 22. f4 a5 23. f5 a4 24. Qxb6 Bd2 25. Re2 Bxc3 26. Qc5 Ba5 27. Qc4 Kh8 28. Ref2 Bb6 29. Kh1 Rf6 30. g4 gxf5 31. gxf5 Rg8 32. Rg2 Rxg2 33. Kxg2 Qe8 34. Rf4 Rh6 35. Rg4 Qf7 36. Qxc6 Bxd4 37. Qc8+ 1-0

[Event "HUN-ch Rapid 2019"]
[Site "Ajka"]
[Date "2019.07.19"]
[Round "2.16"]
[White "Laza, Szabolcs"]
[Black "Videki, Sandor"]
[Result "0-1"]
[ECO "D10"]
[WhiteElo "2185"]
[BlackElo "2401"]
[Annotator "NA"]
[PlyCount "80"]
[EventDate "2019.07.18"]
[EventType "swiss"]
[EventCountry "HUN"]
[SourceTitle "playchess.com"]
[Source "ChessBase"]
[SourceQuality "1"]
[TimeControl "1200+5"]

1. d4 d5 2. c4 c6 3. cxd5 cxd5 4. Bf4 Nc6 5. e3 Nf6 6. Nc3 a6 7. Rc1 Bf5 8. Nf3 e6 9. Bd3 Bxd3 10. Qxd3 Be7 11. O-O Nh5 12. Be5 f6 13. Bg3 Nxg3 14. hxg3 O-O 15. e4 Qd7 16. exd5 exd5 17. Nh4 Rfe8 18. Nf5 Bb4 19. Ne3 Bxc3 20. Qxc3 Re4 21. Rfd1 Rd8 22. Qc5 Ne7 23. Qc7 Nc6 24. Qb6 Qe7 25. Nf5 Qd7 26. Ne3 Qe7 27. Nf5 Qd7 28. Ne3 Qe8 29. Qxb7 Rxe3 30. Qxc6 Re2 31. Qb7 Qb5 32. Rc7 Qxb7 33. Rxb7 Rc8 34. Rd3 Rc1+ 35. Kh2 h5 36. Re3 Rxf2 37. Ree7 Rff1 38. Rxg7+ Kf8 39. g4 h4 40. g3 Rc2+ 0-1

[Event "HUN-ch Rapid 2019"]
[Site "Ajka"]
[Date "2019.07.19"]
[Round "2.17"]
[White "Farago, Ivan"]
[Black "Bognar, Csaba"]
[Result "1-0"]
[ECO "E73"]
[WhiteElo "2350"]
[BlackElo "2166"]
[Annotator "NA"]
[PlyCount "83"]
[EventDate "2019.07.18"]
[EventType "swiss"]
[EventCountry "HUN"]
[SourceTitle "playchess.com"]
[Source "ChessBase"]
[SourceQuality "1"]
[TimeControl "1200+5"]

1. d4 Nf6 2. c4 g6 3. Nc3 Bg7 4. e4 d6 5. Be2 O-O 6. Bg5 h6 7. Be3 e5 8. d5 Nbd7 9. Qd2 Kh7 10. h4 Nc5 11. f3 Nh5 12. g4 Ng3 13. Rh2 f5 14. h5 f4 15. hxg6+ Kxg6 16. Bf2 Nxe2 17. Ngxe2 Bf6 18. O-O-O Bd7 19. Rdh1 Rh8 20. Bh4 Kf7 21. Kb1 Rh7 22. Nc1 Qe7 23. Nb5 Bxb5 24. cxb5 a6 25. Bxf6 Qxf6 26. Rh5 Ke7 27. bxa6 bxa6 28. Qh2 Rah8 29. g5 Qg6 30. Rxh6 Rxh6 31. gxh6 Rh7 32. Nb3 Nd7 33. Na5 Nf6 34. Nc6+ Kf8 35. Qh3 Nxd5 36. Qc8+ Kf7 37. Ka1 Rxh6 38. Rc1 Ne7 39. Nxe7 Kxe7 40. Rxc7+ Kf6 41. Qd8+ Ke6 42. Qe7# 1-0

[Event "HUN-ch Rapid 2019"]
[Site "Ajka"]
[Date "2019.07.19"]
[Round "2.18"]
[White "Horvath, Csaba"]
[Black "Jakab, Attila"]
[Result "0-1"]
[ECO "B27"]
[WhiteElo "2503"]
[BlackElo "2377"]
[Annotator "ChessBase"]
[PlyCount "78"]
[EventDate "2019.07.18"]
[EventType "swiss"]
[EventCountry "HUN"]
[SourceTitle "playchess.com"]
[Source "ChessBase"]
[SourceQuality "1"]
[TimeControl "1200+5"]

1. e4 c5 2. Nf3 g6 3. d4 Bg7 4. c4 Qb6 5. Nc3 cxd4 6. Nd5 Qa5+ 7. b4 Qd8 8. Bb2 e5 9. Bd3 Ne7 10. O-O d6 11. Rc1 O-O 12. Qb3 Nbc6 13. Ba3 Re8 14. Rc2 h6 15. Rfc1 Kh8 16. Nd2 Be6 17. f3 Ng8 18. Qa4 Bf8 19. b5 Nce7 20. Nb3 Nc8 21. Bb4 a5 22. Bd2 b6 23. Nb4 Nce7 24. Nd5 Rb8 25. Be1 Qd7 26. Qa3 f5 27. f4 fxe4 28. Bxe4 Bf5 29. Nd2 Bg7 30. Qd3 Nf6 31. Nxe7 Rxe7 32. Bh4 Nxe4 33. Nxe4 Re6 34. Re2 Rbe8 35. Rce1 d5 36. cxd5 Qxd5 37. Nc3 Bxd3 38. Nxd5 Bxe2 39. Nc7 d3 0-1

[Event "HUN-ch Rapid 2019"]
[Site "Ajka"]
[Date "2019.07.19"]
[Round "2.19"]
[White "Popovics, Adam"]
[Black "Karacsonyi, Gellert"]
[Result "1-0"]
[ECO "E32"]
[WhiteElo "2365"]
[BlackElo "2315"]
[Annotator "NA"]
[PlyCount "111"]
[EventDate "2019.07.18"]
[EventType "swiss"]
[EventCountry "HUN"]
[SourceTitle "playchess.com"]
[Source "ChessBase"]
[SourceQuality "1"]
[TimeControl "1200+5"]

1. d4 Nf6 2. c4 e6 3. Nc3 Bb4 4. Qc2 O-O 5. Nf3 d5 6. cxd5 Bxc3+ 7. bxc3 exd5 8. Bg5 c5 9. e3 cxd4 10. cxd4 Bg4 11. Nd2 h6 12. Bxf6 Qxf6 13. Bd3 Nc6 14. Qb2 Bf5 15. Be2 b6 16. O-O Rac8 17. Rac1 Qd6 18. Rc3 Qb4 19. Rb3 Qd6 20. Ba6 Rc7 21. Rc3 Nb8 22. Rxc7 Qxc7 23. Rc1 Qd6 24. Bb5 Rc8 25. Rxc8+ Bxc8 26. Qc3 Bd7 27. Bd3 Qc6 28. Qa3 Qc7 29. Nf3 Nc6 30. h3 a5 31. Qb2 Nb4 32. Bb1 b5 33. Ne5 f6 34. Nxd7 Qxd7 35. a3 Na6 36. Qc3 b4 37. Qd3 Qc6 38. axb4 Nxb4 39. Qh7+ Kf8 40. Qh8+ Kf7 41. Bh7 Qc1+ 42. Kh2 Qc7+ 43. f4 Ke6 44. Qf8 Qe7 45. Qb8 Kd7 46. Qa7+ Kd6 47. Qc5+ Ke6 48. Qxa5 g5 49. Bg8+ Kf5 50. Bxd5 gxf4 51. Bf3+ Kg6 52. Qh5+ Kg7 53. Qg4+ Kh7 54. Qxf4 Qf7 55. d5 Kg7 56. Qxb4 1-0

[Event "HUN-ch Rapid 2019"]
[Site "Ajka"]
[Date "2019.07.19"]
[Round "2.20"]
[White "Hoang, Thanh Trang"]
[Black "Margl, Roland"]
[Result "1-0"]
[ECO "D02"]
[WhiteElo "2414"]
[BlackElo "2264"]
[Annotator "NA"]
[PlyCount "117"]
[EventDate "2019.07.18"]
[EventType "swiss"]
[EventCountry "HUN"]
[SourceTitle "playchess.com"]
[Source "ChessBase"]
[SourceQuality "1"]
[TimeControl "1200+5"]

1. d4 d5 2. Nf3 Nf6 3. Bf4 g6 4. e3 Bg7 5. Bd3 O-O 6. Nbd2 c5 7. c3 b6 8. O-O Nc6 9. h3 Bb7 10. Qe2 Nd7 11. Rfd1 Re8 12. Bb5 a6 13. Ba4 b5 14. Bb3 cxd4 15. exd4 Na5 16. Ne5 Nc4 17. Rab1 f6 18. Nxd7 Qxd7 19. Nf3 a5 20. Ne1 e5 21. dxe5 fxe5 22. Bg3 Rac8 23. a4 Qc6 24. Qc2 Nb6 25. axb5 Qxb5 26. Ra1 Bc6 27. Nf3 a4 28. Ba2 Nc4 29. Bxc4 Qxc4 30. Re1 e4 31. Nd2 Qc5 32. Bf4 Bb5 33. Qd1 h6 34. Be3 Qf8 35. Nxe4 dxe4 36. Qd5+ Qf7 37. Qxb5 Rb8 38. Qxa4 Rxb2 39. Rac1 Ra2 40. Qc6 Re6 41. Qd5 Raa6 42. Red1 Rac6 43. c4 Kh7 44. c5 Qe7 45. Qd7 Qxd7 46. Rxd7 Kg8 47. Rb1 Rc8 48. Rbb7 Bf8 49. Rbc7 Rc6 50. Rxc8 Rxc8 51. Rd5 Kf7 52. Re5 Kf6 53. Rxe4 Rc6 54. Kf1 h5 55. Ke2 Kf5 56. f3 Ra6 57. Rf4+ Ke5 58. Rxf8 Ra2+ 59. Bd2 1-0

[Event "HUN-ch Rapid 2019"]
[Site "Ajka"]
[Date "2019.07.19"]
[Round "3.2"]
[White "Balog, Imre"]
[Black "Farago, Ivan"]
[Result "1-0"]
[ECO "D03"]
[WhiteElo "2566"]
[BlackElo "2350"]
[Annotator "ChessBase"]
[PlyCount "175"]
[EventDate "2019.07.18"]
[EventType "swiss"]
[EventCountry "HUN"]
[SourceTitle "playchess.com"]
[Source "ChessBase"]
[SourceQuality "1"]
[TimeControl "1200+5"]

1. d4 Nf6 2. Bg5 d5 3. Nf3 Nbd7 4. e3 c5 5. Nbd2 h6 6. Bh4 e6 7. Be2 b6 8. O-O Bb7 9. Ne5 Be7 10. Bb5 O-O 11. Nc6 Bxc6 12. Bxc6 Rc8 13. Bb5 cxd4 14. exd4 Ne4 15. Bg3 Nxg3 16. hxg3 Nf6 17. Re1 Ne8 18. c3 Nd6 19. Ba6 Rc7 20. a4 Qd7 21. Qe2 Bf6 22. Bb5 Qc8 23. a5 bxa5 24. Reb1 Qb7 25. Bd3 Qb6 26. Ra3 Re8 27. Rb3 Qc6 28. Ra1 Nc4 29. Nxc4 dxc4 30. Be4 Qd7 31. Rba3 e5 32. d5 Be7 33. Rxa5 Bc5 34. g4 Bb6 35. R5a4 Qb5 36. g3 Qc5 37. Kg2 g6 38. Rh1 Kg7 39. Raa1 Rd7 40. Qd2 Rh8 41. Rae1 f5 42. gxf5 gxf5 43. Bxf5 Qxd5+ 44. Qxd5 Rxd5 45. Re2 Rhd8 46. Rhe1 Rd2 47. Be6 e4 48. Bxc4 e3 49. fxe3 Bxe3 50. Kf3 Rxe2 51. Rxe2 Bc5 52. Re5 Bd6 53. Ra5 Bb8 54. Rb5 Kf6 55. Rb7 Kg6 56. g4 Rf8+ 57. Ke2 Kg5 58. Rg7+ Kf4 59. Rg6 Re8+ 60. Kd3 Re5 61. Be6 h5 62. gxh5 Rxh5 63. Rg7 Ra5 64. Rb7 Bd6 65. Kc4 Ke5 66. Bh3 Rc5+ 67. Kd3 Rc7 68. Rb5+ Kf6 69. Rh5 Bc5 70. b4 Bg1 71. c4 Rg7 72. c5 Rg5 73. Rh7 Bxc5 74. bxc5 Rxc5 75. Kd4 Ra5 76. Bf1 Ra4+ 77. Bc4 a5 78. Rf7+ Kg6 79. Rf1 Ra3 80. Bd5 Rh3 81. Ke5 a4 82. Rg1+ Kh6 83. Kf6 a3 84. Rg8 Kh7 85. Ra8 Re3 86. Bg8+ Kh6 87. Be6 Kh7 88. Bf5+ 1-0

[Event "HUN-ch Rapid 2019"]
[Site "Ajka"]
[Date "2019.07.19"]
[Round "3.3"]
[White "Videki, Sandor"]
[Black "Banusz, Tamas"]
[Result "0-1"]
[ECO "A29"]
[WhiteElo "2401"]
[BlackElo "2626"]
[Annotator "RC"]
[PlyCount "118"]
[EventDate "2019.07.18"]
[EventType "swiss"]
[EventCountry "HUN"]
[SourceTitle "playchess.com"]
[Source "ChessBase"]
[SourceQuality "1"]
[TimeControl "1200+5"]

1. c4 e5 2. Nc3 Nf6 3. Nf3 Nc6 4. g3 d5 5. cxd5 Nxd5 6. Bg2 Nb6 7. O-O Be7 8. d3 O-O 9. Be3 Be6 10. Rc1 Nd5 11. Nxd5 Bxd5 12. Qa4 Re8 13. Bc5 Bf6 14. e4 Be6 15. Rfd1 Qd7 16. Rd2 Rad8 17. Be3 Nd4 18. Qxd7 Nxf3+ 19. Bxf3 Rxd7 20. a3 a6 21. Rc3 c6 22. Kg2 Be7 23. h3 g6 24. Bd1 f5 25. Bb3 Kf7 26. f3 Bxb3 27. Rxb3 Ke6 28. Kf2 h5 29. Ke2 Bd6 30. Bf2 Rf8 31. d4 fxe4 32. fxe4 exd4 33. Bxd4 c5 34. Bg1 b5 35. Rbd3 Rfd8 36. Rd5 Be7 37. Rxd7 Rxd7 38. Rxd7 Kxd7 39. b3 Ke6 40. a4 bxa4 41. bxa4 c4 42. Bd4 Bf6 43. Ke3 Be5 44. g4 hxg4 45. hxg4 Kf6 46. g5+ Ke6 47. Ba7 Bh2 48. Kd2 Bf4+ 49. Kc3 Ke5 50. Kxc4 Kxe4 51. Kb4 Bd2+ 52. Kc4 Bxg5 53. Bb6 Be7 54. Kc3 g5 55. Kd2 g4 56. Ke2 Bf6 57. Bf2 Be5 58. Bh4 g3 59. Bd8 Bd4 0-1

[Event "HUN-ch Rapid 2019"]
[Site "Ajka"]
[Date "2019.07.19"]
[Round "3.4"]
[White "Papp, Gabor"]
[Black "Popovics, Adam"]
[Result "1-0"]
[ECO "C84"]
[WhiteElo "2587"]
[BlackElo "2365"]
[Annotator "ChessBase"]
[PlyCount "63"]
[EventDate "2019.07.18"]
[EventType "swiss"]
[EventCountry "HUN"]
[SourceTitle "playchess.com"]
[Source "ChessBase"]
[SourceQuality "1"]
[TimeControl "1200+5"]

1. e4 e5 2. Nf3 Nc6 3. Bb5 a6 4. Ba4 Nf6 5. O-O Be7 6. d3 b5 7. Bb3 d6 8. a3 O-O 9. Nc3 Bg4 10. Be3 Nd4 11. Bxd4 exd4 12. Nd5 c6 13. h3 Bxf3 14. Nxf6+ Bxf6 15. Qxf3 g6 16. a4 Bg7 17. Qg3 Qe7 18. f4 Kh8 19. Rae1 Rae8 20. Qf2 c5 21. axb5 axb5 22. Bd5 Qd7 23. Qf3 f5 24. e5 dxe5 25. Bc6 Qc7 26. Bxe8 Rxe8 27. fxe5 Bxe5 28. Kh1 Rd8 29. Re2 Bg3 30. Ra1 Kg7 31. Ra6 Bh4 32. Rc6 1-0

[Event "HUN-ch Rapid 2019"]
[Site "Ajka"]
[Date "2019.07.19"]
[Round "3.5"]
[White "Jakab, Attila"]
[Black "Hera, Imre Jr."]
[Result "0-1"]
[ECO "D21"]
[WhiteElo "2377"]
[BlackElo "2610"]
[Annotator "RC"]
[PlyCount "58"]
[EventDate "2019.07.18"]
[EventType "swiss"]
[EventCountry "HUN"]
[SourceTitle "playchess.com"]
[Source "ChessBase"]
[SourceQuality "1"]
[TimeControl "1200+5"]

1. d4 d5 2. c4 dxc4 3. Nf3 a6 4. e3 Bg4 5. Bxc4 e6 6. O-O Nc6 7. h3 Bh5 8. Nbd2 Nf6 9. b3 Bd6 10. Bb2 O-O 11. Be2 Nd5 12. Rc1 f5 13. Nc4 Qe8 14. Nxd6 cxd6 15. Nd2 Bxe2 16. Qxe2 Rd8 17. g3 Qg6 18. Kh2 Nf6 19. Ba3 Rfe8 20. Nc4 Ne4 21. Rg1 e5 22. f3 Ng5 23. h4 Nf7 24. d5 Ne7 25. e4 h5 26. Nb6 Nh6 27. Rc7 fxe4 28. Qxe4 Ng4+ 29. Kg2 Nf5 0-1

[Event "HUN-ch Rapid 2019"]
[Site "Ajka"]
[Date "2019.07.19"]
[Round "3.7"]
[White "Varga, Peter"]
[Black "Ruck, Robert"]
[Result "1/2-1/2"]
[ECO "A35"]
[WhiteElo "2367"]
[BlackElo "2524"]
[Annotator "ChessBase"]
[PlyCount "97"]
[EventDate "2019.07.18"]
[EventType "swiss"]
[EventCountry "HUN"]
[SourceTitle "playchess.com"]
[Source "ChessBase"]
[SourceQuality "1"]
[TimeControl "1200+5"]

1. Nf3 c5 2. c4 Nf6 3. Nc3 Nc6 4. g3 d5 5. cxd5 Nxd5 6. Bg2 Nc7 7. O-O e5 8. d3 Be7 9. Nd2 Bd7 10. Nc4 f6 11. f4 b5 12. Ne3 exf4 13. gxf4 Rb8 14. Ncd5 O-O 15. b3 Bd6 16. Nxc7 Qxc7 17. Nd5 Qd8 18. Be3 Re8 19. Rc1 Bg4 20. Rf2 Qd7 21. Bxc5 Bxc5 22. Rxc5 Nd4 23. Nc3 Nxe2+ 24. Nxe2 Bxe2 25. Rd5 Qe7 26. Qd2 Bg4 27. f5 Bh5 28. b4 Bf7 29. Rc5 Qd6 30. d4 Bc4 31. a4 Re7 32. axb5 Bxb5 33. Bd5+ Kh8 34. Be6 a6 35. Qc3 Rd8 36. d5 Qb6 37. Rc8 Ree8 38. Rxd8 Rxd8 39. Qc5 Qb8 40. Qe7 Re8 41. Qf7 Qe5 42. h4 Qg3+ 43. Rg2 Qe1+ 44. Kh2 Qxh4+ 45. Kg1 Qe1+ 46. Kh2 Qh4+ 47. Kg1 Qe1+ 48. Kh2 Qh4+ 49. Kg1 1/2-1/2

[Event "HUN-ch Rapid 2019"]
[Site "Ajka"]
[Date "2019.07.19"]
[Round "3.8"]
[White "Prohaszka, Peter"]
[Black "Csiszar, Csaba"]
[Result "0-1"]
[ECO "A62"]
[WhiteElo "2598"]
[BlackElo "2432"]
[Annotator "ChessBase"]
[PlyCount "129"]
[EventDate "2019.07.18"]
[EventType "swiss"]
[EventCountry "HUN"]
[SourceTitle "playchess.com"]
[Source "ChessBase"]
[SourceQuality "1"]
[TimeControl "1200+5"]

1. d4 Nf6 2. c4 e6 3. g3 c5 4. d5 exd5 5. cxd5 d6 6. Nc3 g6 7. Bg2 Bg7 8. Nf3 O-O 9. O-O Re8 10. Re1 a6 11. a4 Nbd7 12. h3 Rb8 13. Bf4 Qc7 14. Rc1 Nh5 15. Bd2 Ne5 16. g4 Nxf3+ 17. exf3 Rxe1+ 18. Qxe1 Nf6 19. b4 b6 20. g5 Nd7 21. f4 f5 22. Qe6+ Kh8 23. Qf7 Bb7 24. Re1 Rf8 25. Re8 Rxe8 26. Qxe8+ Nf8 27. b5 Qd7 28. Qb8 a5 29. Bf3 Kg8 30. Nd1 c4 31. Kf1 Kf7 32. Qa7 Qc7 33. Be3 Nd7 34. Bc1 c3 35. Ne3 Bd4 36. Nc2 Bg7 37. Be3 Ke7 38. h4 Qc4+ 39. Ke1 Bxd5 40. Bxd5 Qxd5 41. Bxb6 Qd2+ 42. Kf1 Qxc2 43. Be3 Qd1+ 44. Kg2 c2 45. Qc7 Bb2 46. Qxa5 c1=Q 47. Bxc1 Bxc1 48. Qc3 Bxf4 49. Qg7+ Kd8 50. Qg8+ Kc7 51. Qxh7 Qg4+ 52. Kf1 Qf3 53. Kg1 Bd2 54. Qe7 Qg4+ 55. Kf1 Qxa4 56. h5 Qc4+ 57. Kg1 Qg4+ 58. Kf1 Bxg5 59. b6+ Kc6 60. Qe8 Qh3+ 61. Ke1 Qh1+ 62. Ke2 Qxh5+ 63. f3 Qh7 64. Qc8+ Kxb6 65. Qc2 0-1

[Event "HUN-ch Rapid 2019"]
[Site "Ajka"]
[Date "2019.07.19"]
[Round "3.9"]
[White "Csonka, Balazs"]
[Black "Medvegy, Zoltan"]
[Result "1-0"]
[ECO "B29"]
[WhiteElo "2472"]
[BlackElo "2539"]
[Annotator "ChessBase"]
[PlyCount "77"]
[EventDate "2019.07.18"]
[EventType "swiss"]
[EventCountry "HUN"]
[SourceTitle "playchess.com"]
[Source "ChessBase"]
[SourceQuality "1"]
[TimeControl "1200+5"]

1. e4 c5 2. Nf3 Nf6 3. e5 Nd5 4. Nc3 Nxc3 5. dxc3 Nc6 6. Bc4 Qc7 7. Bf4 e6 8. Qd2 h6 9. h4 a6 10. O-O-O b5 11. Bd3 c4 12. Be4 Bb7 13. h5 Ne7 14. Qe2 Rb8 15. Nd2 Bd5 16. Bg3 Qc6 17. Rh4 Bxe4 18. Nxe4 Nd5 19. Rg4 a5 20. Qf3 b4 21. cxb4 axb4 22. Nd6+ Bxd6 23. exd6 b3 24. Rxg7 Rf8 25. Rxd5 c3 26. axb3 Ra8 27. bxc3 Ra1+ 28. Kd2 Qxd5+ 29. Qxd5 exd5 30. Bh4 Rh1 31. Be7 Rh8 32. g4 Rh2 33. Ke2 Rh3 34. f3 Rh2+ 35. Kd3 Rf2 36. b4 Rxf3+ 37. Kd4 Rf2 38. Kxd5 Rxc2 39. c4 1-0

[Event "HUN-ch Rapid 2019"]
[Site "Ajka"]
[Date "2019.07.19"]
[Round "3.10"]
[White "Czebe, Attila"]
[Black "Emodi, Barnabas"]
[Result "1/2-1/2"]
[ECO "A05"]
[WhiteElo "2436"]
[BlackElo "2365"]
[Annotator "NA"]
[PlyCount "129"]
[EventDate "2019.07.18"]
[EventType "swiss"]
[EventCountry "HUN"]
[SourceTitle "playchess.com"]
[Source "ChessBase"]
[SourceQuality "1"]
[TimeControl "1200+5"]

1. Nf3 Nf6 2. g3 d5 3. Bg2 c6 4. c4 g6 5. cxd5 cxd5 6. Ne5 Bg7 7. Qa4+ Nbd7 8. Nc3 O-O 9. Nxd7 Bxd7 10. Qh4 Bc6 11. d4 Ne4 12. Bh6 Qb6 13. Bxg7 Qxb2 14. O-O Kxg7 15. Nxe4 dxe4 16. e3 e5 17. Rfb1 Qc3 18. Rc1 Qb2 19. Rab1 Qxa2 20. dxe5 Qe6 21. Rc5 h6 22. Bh3 g5 23. Qh5 Qg6 24. Qe2 Rad8 25. Bg4 Rd5 26. Rxd5 Bxd5 27. Qd2 Be6 28. Bxe6 Qxe6 29. Rxb7 Qxe5 30. Rxa7 Rb8 31. Qa2 Qf6 32. Rd7 Rc8 33. Rd1 Rb8 34. Qd5 Rb2 35. Rf1 Rb4 36. h3 h5 37. Qd1 Kg6 38. Qc2 Qe6 39. Kg2 Rc4 40. Qb1 Qf5 41. Rd1 h4 42. Rd6+ f6 43. Qd1 hxg3 44. Kxg3 Rc5 45. Rd8 Rc7 46. Rd5 Qe6 47. Rd6 Qe5+ 48. Kg2 Qf5 49. Rd4 Rh7 50. Qg4 Qxg4+ 51. hxg4 Re7 52. Kf1 Re6 53. Rd5 Re7 54. Ke2 Re8 55. Rd4 Re6 56. Rd5 Re8 57. Kd2 Re6 58. Kc3 Ra6 59. Rd2 Rc6+ 60. Kb3 f5 61. gxf5+ Kxf5 62. Rd8 Rf6 63. Kc4 Kg4 64. Kd4 Rxf2 65. Kxe4 1/2-1/2

[Event "HUN-ch Rapid 2019"]
[Site "Ajka"]
[Date "2019.07.19"]
[Round "3.11"]
[White "Horvath, Tamas I"]
[Black "Vertetics, Attila"]
[Result "1/2-1/2"]
[ECO "B12"]
[WhiteElo "2318"]
[BlackElo "2438"]
[Annotator "NA"]
[PlyCount "54"]
[EventDate "2019.07.18"]
[EventType "swiss"]
[EventCountry "HUN"]
[SourceTitle "playchess.com"]
[Source "ChessBase"]
[SourceQuality "1"]
[TimeControl "1200+5"]

1. e4 c6 2. d4 d5 3. Nd2 g6 4. Ngf3 Bg7 5. h3 Nh6 6. Bd3 O-O 7. O-O f6 8. c4 e6 9. Qb3 Nf7 10. Re1 a5 11. a3 b6 12. exd5 exd5 13. Nf1 a4 14. Qc2 dxc4 15. Bxc4 Bf5 16. Qe2 b5 17. Ba2 Na6 18. Ng3 Bd7 19. Bd2 Nc7 20. Bb4 Re8 21. Qc2 Na6 22. Bd2 Nc7 23. Bb4 Na6 24. Bd2 Nc7 25. Bb4 Na6 26. Bd2 Qb6 27. Ne4 Bf5 1/2-1/2

[Event "HUN-ch Rapid 2019"]
[Site "Ajka"]
[Date "2019.07.19"]
[Round "3.12"]
[White "Aczel, Gergely"]
[Black "Bodi, Tibor"]
[Result "1-0"]
[ECO "D10"]
[WhiteElo "2540"]
[BlackElo "2244"]
[Annotator "ChessBase"]
[PlyCount "123"]
[EventDate "2019.07.18"]
[EventType "swiss"]
[EventCountry "HUN"]
[SourceTitle "playchess.com"]
[Source "ChessBase"]
[SourceQuality "1"]
[TimeControl "1200+5"]

1. d4 d5 2. c4 c6 3. cxd5 cxd5 4. Bf4 Nc6 5. e3 Nf6 6. Nc3 a6 7. Bd3 e6 8. Rc1 Bd6 9. Bxd6 Qxd6 10. f4 O-O 11. Nf3 b5 12. O-O Bd7 13. Ne5 Rfc8 14. Qf3 b4 15. Ne2 Ne7 16. Nxd7 Qxd7 17. Ng3 Nf5 18. Nxf5 exf5 19. Rc5 Ne4 20. Bxe4 fxe4 21. Qd1 Rc7 22. Qd2 a5 23. Rxc7 Qxc7 24. Rc1 Qb7 25. Rc5 Qa6 26. h3 g6 27. b3 a4 28. Qxb4 Qe2 29. Rc3 a3 30. Kh2 Qxa2 31. Rc7 Qe2 32. Qe7 Rf8 33. Qxa3 Qxe3 34. Qd6 Qxb3 35. f5 Qb8 36. Rd7 Qxd6+ 37. Rxd6 Re8 38. Kg1 Kg7 39. f6+ Kh6 40. Rxd5 g5 41. Re5 Rd8 42. Rxe4 Kg6 43. Kf2 Kxf6 44. g4 Ra8 45. Re3 Ra2+ 46. Kf3 Rd2 47. Ke4 Ke6 48. Rf3 Re2+ 49. Kd3 Rh2 50. Re3+ Kd5 51. Re5+ Kd6 52. Rxg5 Rxh3+ 53. Ke4 Rh1 54. Rd5+ Ke6 55. Re5+ Kd6 56. Rf5 Re1+ 57. Kd3 Ke6 58. Rh5 Rg1 59. Rxh7 Rxg4 60. Kc4 Rg1 61. d5+ Ke5 62. Rxf7 1-0

[Event "HUN-ch Rapid 2019"]
[Site "Ajka"]
[Date "2019.07.19"]
[Round "3.13"]
[White "Marosi, Levente"]
[Black "Horvath, Adam"]
[Result "1-0"]
[ECO "B48"]
[WhiteElo "2225"]
[BlackElo "2517"]
[Annotator "ChessBase"]
[PlyCount "187"]
[EventDate "2019.07.18"]
[EventType "swiss"]
[EventCountry "HUN"]
[SourceTitle "playchess.com"]
[Source "ChessBase"]
[SourceQuality "1"]
[TimeControl "1200+5"]

1. e4 c5 2. Nf3 Nc6 3. d4 cxd4 4. Nxd4 e6 5. Nc3 Qc7 6. Be3 a6 7. Qf3 Nf6 8. O-O-O h5 9. Nxc6 dxc6 10. Qg3 e5 11. f3 Be6 12. Qf2 b5 13. Bc5 Be7 14. g3 O-O 15. h4 a5 16. Bh3 Bxh3 17. Rxh3 a4 18. Rhh1 b4 19. Nb1 Rab8 20. Rd3 Rb5 21. Bxe7 Qxe7 22. Rhd1 c5 23. c4 bxc3 24. Nxc3 Rb4 25. a3 Rd4 26. Ne2 Nd7 27. Kb1 Rxd3 28. Rxd3 c4 29. Rd5 Nf6 30. Rd1 Rb8 31. Nc3 Kh7 32. Kc1 Qe8 33. Qc5 Rc8 34. Qb5 Qe6 35. Nxa4 Qh3 36. Qxe5 Ra8 37. Nc3 Qg2 38. Qf5+ Kg8 39. e5 Ne8 40. Rd7 Qg1+ 41. Nd1 c3 42. Qxf7+ Kh7 43. Qxh5+ Kg8 44. Qf7+ Kh7 45. bxc3 Qxg3 46. Qh5+ Kg8 47. Qf7+ Kh7 48. Re7 Nc7 49. Rxc7 Qxe5 50. Re7 Qg3 51. Qh5+ Kg8 52. Re8+ Rxe8 53. Qxe8+ Kh7 54. Qe4+ Kg8 55. a4 Qd6 56. a5 Qa3+ 57. Kd2 Qxa5 58. Ke2 Qa2+ 59. Ke3 Qa1 60. Qd4 Qc1+ 61. Ke2 Qc2+ 62. Qd2 Qf5 63. Ne3 Qh3 64. Qd8+ Kh7 65. Qg5 Qh2+ 66. Kd3 Qd6+ 67. Qd5 Qa6+ 68. c4 Qa3+ 69. Ke4 Qe7+ 70. Kd3 Qa3+ 71. Ke2 Qb2+ 72. Qd2 Qe5 73. Qd3+ Kh8 74. Qe4 Qb2+ 75. Nc2 Qc3 76. h5 Kg8 77. Qd5+ Kh8 78. Ne3 Qb2+ 79. Kf1 Qc1+ 80. Kf2 Qb2+ 81. Kg3 Qb8+ 82. Kh3 Qc8+ 83. Ng4 Qa6 84. Qf7 Qa1 85. Kg2 Qa2+ 86. Kg3 Qa1 87. Qf8+ Kh7 88. Qf5+ Kh8 89. Kg2 Qa2+ 90. Kh3 Qxc4 91. h6 gxh6 92. Qf6+ Kg8 93. Nxh6+ Kh7 94. Qf7+ 1-0

[Event "HUN-ch Rapid 2019"]
[Site "Ajka"]
[Date "2019.07.19"]
[Round "3.14"]
[White "Mihok, Oliver"]
[Black "Medvegyne Balogh, Emese"]
[Result "1-0"]
[ECO "B01"]
[WhiteElo "2550"]
[BlackElo "2073"]
[Annotator "ChessBase"]
[PlyCount "77"]
[EventDate "2019.07.18"]
[EventType "swiss"]
[EventCountry "HUN"]
[SourceTitle "playchess.com"]
[Source "ChessBase"]
[SourceQuality "1"]
[TimeControl "1200+5"]

1. e4 d5 2. exd5 Qxd5 3. Nc3 Qd6 4. d4 c6 5. Nf3 Nf6 6. Ne5 Nbd7 7. Nc4 Qc7 8. a4 Nb6 9. Ne5 Be6 10. a5 Nbd7 11. Bf4 Nxe5 12. Bxe5 Qd7 13. h3 g6 14. Bd3 Bg7 15. Ne4 O-O 16. Nc5 Qc8 17. O-O Bf5 18. Bxf5 gxf5 19. Qf3 e6 20. Qg3 Kh8 21. Qb3 Nd7 22. Bxg7+ Kxg7 23. Nxb7 Rb8 24. Qg3+ Kh8 25. a6 Rg8 26. Qd6 Nf6 27. Qe5 Rg6 28. Nd6 Qf8 29. Nxf7+ Kg8 30. Nd6 Nd7 31. Qf4 Rb4 32. c3 Rxb2 33. Nc4 Rb5 34. Rab1 Nf6 35. Ne5 Rg7 36. Nxc6 Rxb1 37. Rxb1 Nd5 38. Qf3 Qd6 39. Rb8+ 1-0